Map: Glittering Ashes LE

Players

Boots - Winner!

  • Race: Zerg Zerg
  • League: Diamond
  • Spawn Location: 7:00

Nerdsie

  • Race: Zerg Zerg
  • League: Diamond
  • Spawn Location: 1:00

VOD

Have the link to the VOD?

Description

Time

  • Played on: May 30, 2022, 12:42 a.m.
  • Length: 9:45
Show
View Real Time Build Order
Export as new Build Order

Boots Zerg - Winner!

Build Orders: Pool First 

Get SALT Encoding   

  12  0:18  Spawning Pool  
  11  0:21  Drone  
  12  0:29  Drone  
  12  0:35  Overlord  
  13  0:39  Drone  
  14  1:05  Zergling x6  
  17  1:16  Zergling x2  
  18  1:21  Hatchery  
  17  1:27  Zergling x2  
  18  1:34  Queen  
  20  1:40  Drone, Extractor  
  20  1:48  Drone  
  21  1:59  Drone  
  22  2:10  Overlord  
  22  2:23  Overlord  
  22  2:27  Queen  
  21  2:46  Metabolic Boost  
  21  2:49  Drone x3  
  21  2:50  Drone  
  25  2:59  Drone  
  25  3:00  Drone x3  
  28  3:08  Zergling x4  
  30  3:16  Spine Crawler  
  29  3:20  Zergling x2  
  29  3:21  Zergling x2  
  31  3:38  Drone x3  
  31  3:39  Drone x2  
  36  3:52  Evolution Chamber  
  36  3:55  Roach Warren  
  34  3:57  Evolution Chamber  
  34  4:02  Queen  
  35  4:07  Overlord  
  35  4:23  Drone  
  35  4:24  Drone x5  
  41  4:36  Zerg Missile Weapons Level 1  
  41  4:39  Lair  
  41  4:42  Overlord  
  41  4:52  Drone x5, Extractor  
  45  5:02  Drone  
  45  5:03  Drone x2  
  45  5:05  Drone  
  45  5:06  Extractor  
  48  5:11  Drone x3  
  51  5:17  Overlord  
  51  5:18  Overlord  
  51  5:29  Roach x2  
  51  5:32  Zerg Ground Armor Level 1  
  51  5:34  Roach  
  57  5:38  Glial Reconstitution  
  57  5:47  Roach x3  
  61  6:08  Roach x2  
  61  6:09  Roach x4  
  73  6:19  Drone  
  73  6:20  Roach  
  75  6:31  Hatchery  
  74  6:36  Roach x2  
  72  6:53  Roach x2  
  76  7:15  Roach x5  
  70  7:24  Roach x2  
  74  7:32  Roach  
  76  7:37  Roach  
  76  7:43  Roach x2  
  76  7:48  Ravager  
  76  7:49  Ravager  
  72  7:52  Ravager  
  70  8:05  Roach  
  66  8:06  Roach x4  
  74  8:18  Overlord x2  
  74  8:19  Overlord  
  74  8:36  Queen  
  78  8:41  Roach  
  78  8:42  Roach x8  
  94  8:56  Extractor  
  94  8:58  Drone x2  
  94  8:59  Drone x3  
  98  9:10  Overlord x3  
  98  9:40  Ravager  
  98  9:42  Ravager  
Show
View Real Time Build Order
Export as new Build Order

Nerdsie Zerg 

Build Orders: Hatch First 

Get SALT Encoding   

  12  0:03  Drone  
  13  0:15  Overlord  
  13  0:16  Drone  
  14  0:36  Drone x2  
  16  0:54  Hatchery  
  15  0:57  Drone x2  
  15  1:02  Drone  
  18  1:15  Spawning Pool  
  18  1:18  Drone  
  18  1:26  Drone  
  18  1:29  Extractor  
  18  1:36  Drone  
  19  1:43  Overlord  
  19  2:06  Queen  
  19  2:07  Zergling x6, Spine Crawler  
  23  2:15  Spine Crawler  
  23  2:17  Zergling x4  
  24  2:33  Zergling x2  
  22  2:42  Zergling x2  
  22  2:46  Zergling x2  
  24  3:00  Zergling x2  
  25  3:13  Metabolic Boost  
  25  3:15  Zergling x8  
  29  3:27  Zergling x2  
  29  3:33  Hatchery  
  29  3:41  Drone  
  30  3:53  Overlord  
  30  3:55  Overlord  
  30  4:07  Overlord  
  29  4:24  Baneling Nest, Drone  
  29  4:26  Drone x4  
  33  4:40  Drone x2  
  33  4:42  Extractor  
  33  4:44  Queen  
  36  4:45  Queen  
  36  4:47  Hatchery  
  37  5:01  Drone  
  37  5:02  Drone x3  
  37  5:04  Drone x2  
  43  5:14  Baneling x7  
  43  5:19  Baneling  
  43  5:25  Drone x5  
  48  5:44  Drone x5  
  46  6:05  Zergling x2  
  46  6:06  Zergling x16  
  54  6:11  Zergling x2  
  54  6:12  Zergling x2  
  56  6:19  Queen  
  56  6:20  Zergling x2  
  50  6:44  Zergling x30  
  64  6:49  Zergling x2  
  60  7:06  Zergling x8  
  60  7:07  Zergling x2  
  59  7:15  Zergling x4  
  56  7:16  Zergling x16  
  56  7:20  Queen  
  56  7:21  Queen  
  58  7:35  Spore Crawler  
  57  7:42  Zergling x4  
  57  7:43  Zergling x14  
  53  8:09  Zergling x18  
  52  8:24  Zergling x12  
  56  8:33  Evolution Chamber  
  54  8:35  Extractor x2  
  54  8:38  Evolution Chamber  
  51  8:49  Hatchery, Queen  
  51  8:54  Zergling x2  
  51  8:55  Zergling x12  
  59  8:56  Hatchery  
  59  8:57  Overlord x3  
  57  9:10  Zergling x4  
  57  9:15  Zergling x4  
  61  9:23  Drone x3  
  64  9:24  Zergling x6  
Tags
 
Add a new tag
Caveats
  • Supply blocks, unpowered buildings, or Contaminate may cause inaccurate times.
  • Supply counts are checked every 10 seconds.